[ AOE2 MATCH · #460103489 ]
1v1 EWVikings vs Japanese
Player's team · LOSS
Rival team · WIN
[ REPLAY ANALYSIS · EXTRACTED FROM THE RECORDED GAME ]
Feudal
—
Castle
9:11
Imperial
29:42
| APM avg | 19.1 |
| APM peak | 29 |
| eAPM avg | 13.2 |
| Villagers / military | 68 / 67 |
Focus
⚔️ 37.2% · 🌾 62.8%
Longboat ×30 · Spearman ×23 · Archer ×6 · Fishing Ship ×5 · Monk ×4 · Militia ×2
Feudal
—
Castle
10:41
Imperial
25:26
| APM avg | 19.9 |
| APM peak | 40 |
| eAPM avg | 14.4 |
| Villagers / military | 74 / 102 |
Focus
⚔️ 38.3% · 🌾 61.7%
Cavalry Archer ×32 · Knight ×28 · Fire Galley ×21 · Skirmisher ×8 · Scout Cavalry ×6 · Cannon Galleon ×4
Match map
Initial resources + every placement click. Lines = walls · curves = elevation contours. ◆ gold · ⬟ stone · ● berries · ✦ relic · ◌ wall gap
Your base· Open — 2t gap
dauz.ve's base· Open — 7t gap
Smoothed initial terrain · ◌ = detected wall gap · hover for details
Inputs per minute
— Matticus - - dauz.ve
Build order — Matticus
First 150 of 238 actions detected
| 0:04 | Build | House |
| 0:05 | Create | Villager (Male) |
| 0:05 | Create | Villager (Male) |
| 0:33 | Research | Double-Bit Axe |
| 1:01 | Create | Villager (Male) |
| 1:03 | Research | Horse Collar |
| 1:35 | Build | Blacksmith |
| 1:47 | Create | Villager (Male) |
| 1:48 | Create | Villager (Male) |
| 1:58 | Build | Watch Tower |
| 2:01 | Create | Villager (Male) |
| 2:10 | Build | Mining Camp |
| 2:23 | Research | Fletching |
| 2:42 | Create | Villager (Male) |
| 2:47 | Build | Dock |
| 2:53 | Create | Villager (Male) |
| 3:04 | Build | Farm |
| 3:10 | Build | Farm |
| 3:13 | Create | Villager (Male) |
| 3:37 | Build | Archery Range |
| 3:47 | Build | House |
| 3:49 | Create | Fishing Ship |
| 3:50 | Create | Fishing Ship |
| 4:12 | Build | House |
| 4:14 | Research | Scale Barding Armor |
| 4:18 | Research | Forging |
| 4:34 | Create | Archer |
| 4:34 | Create | Archer |
| 4:42 | Build | Watch Tower |
| 4:58 | Build | Stone Wall |
| 5:06 | Build | Farm |
| 5:20 | Build | Farm |
| 5:22 | Create | Villager (Male) |
| 5:54 | Build | Gate |
| 6:21 | Create | Fishing Ship |
| 6:21 | Create | Fishing Ship |
| 6:23 | Research | Tech 906 |
| 6:24 | Create | Fishing Ship |
| 6:25 | Create | Villager (Male) |
| 6:31 | Research | Castle Age |
| 6:31 | Create | Villager (Male) |
| 6:42 | Create | Archer |
| 6:42 | Create | Archer |
| 6:42 | Create | Archer |
| 7:37 | Create | Spearman |
| 7:37 | Create | Spearman |
| 7:38 | Create | Spearman |
| 7:38 | Create | Spearman |
| 8:18 | Build | Barracks |
| 8:26 | Build | Watch Tower |
| 8:33 | Build | Farm |
| 8:37 | Build | Farm |
| 9:09 | Build | Stone Wall |
| 9:11 | Age | Castle Age |
| 9:32 | Create | Spearman |
| 9:32 | Create | Spearman |
| 9:33 | Create | Spearman |
| 9:39 | Create | Spearman |
| 9:39 | Create | Spearman |
| 9:41 | Create | Spearman |
| 9:41 | Create | Spearman |
| 9:44 | Research | Pikeman (upgrade) |
| 10:02 | Create | Longboat |
| 10:02 | Create | Longboat |
| 10:02 | Create | Longboat |
| 10:02 | Create | Longboat |
| 10:02 | Create | Longboat |
| 10:03 | Create | Longboat |
| 10:21 | Research | Bow Saw |
| 10:57 | Create | Spearman |
| 11:49 | Build | Stone Wall |
| 12:02 | Create | Villager (Male) |
| 12:02 | Create | Villager (Male) |
| 12:03 | Create | Villager (Male) |
| 12:12 | Research | Bodkin Arrow |
| 12:31 | Create | Longboat |
| 12:36 | Build | Farm |
| 12:37 | Create | Villager (Male) |
| 12:44 | Research | Heavy Plow |
| 13:41 | Create | Villager (Male) |
| 13:42 | Create | Villager (Male) |
| 14:11 | Create | Villager (Male) |
| 14:12 | Create | Villager (Male) |
| 14:14 | Research | Gold Mining |
| 14:30 | Create | Villager (Male) |
| 15:12 | Build | Stone Wall |
| 15:36 | Create | Spearman |
| 15:36 | Create | Spearman |
| 15:41 | Build | Monastery |
| 16:10 | Build | Stone Wall |
| 16:42 | Build | Stone Wall |
| 17:09 | Research | Iron Casting |
| 17:23 | Create | Spearman |
| 17:23 | Create | Spearman |
| 17:25 | Create | Spearman |
| 17:25 | Create | Spearman |
| 17:33 | Create | Monk |
| 18:10 | Create | Villager (Male) |
| 18:10 | Create | Villager (Male) |
| 18:11 | Create | Villager (Male) |
| 18:19 | Build | Monastery |
| 18:23 | Build | Monastery |
| 18:27 | Create | Villager (Male) |
| 18:39 | Create | Longboat |
| 18:39 | Create | Longboat |
| 18:41 | Create | Villager (Male) |
| 18:42 | Create | Villager (Male) |
| 19:08 | Build | House |
| 19:11 | Build | House |
| 19:12 | Build | House |
| 19:14 | Build | House |
| 19:21 | Create | Monk |
| 19:24 | Build | Mining Camp |
| 19:30 | Build | Mining Camp |
| 19:31 | Create | Monk |
| 20:01 | Build | Lumber Camp |
| 20:05 | Build | Lumber Camp |
| 20:10 | Create | Villager (Male) |
| 20:16 | Build | Town Center |
| 20:23 | Create | Villager (Male) |
| 20:28 | Research | Scale Mail Armor |
| 21:09 | Create | Villager (Male) |
| 21:21 | Build | House |
| 21:23 | Build | House |
| 21:38 | Research | Atonement |
| 22:03 | Create | Monk |
| 22:28 | Build | Town Center |
| 22:40 | Research | Gold Shaft Mining |
| 22:43 | Research | Stone Mining |
| 22:45 | Create | Villager (Male) |
| 22:45 | Create | Villager (Male) |
| 22:46 | Create | Villager (Male) |
| 22:46 | Create | Villager (Male) |
| 22:47 | Create | Villager (Male) |
| 22:48 | Create | Villager (Male) |
| 22:49 | Create | Villager (Male) |
| 23:29 | Create | Longboat |
| 23:29 | Create | Longboat |
| 23:30 | Create | Longboat |
| 23:30 | Create | Longboat |
| 23:52 | Research | Crossbowman (upgrade) |
| 23:52 | Create | Archer |
| 23:58 | Research | Chain Mail Armor |
| 24:00 | Create | Villager (Male) |
| 24:00 | Create | Villager (Male) |
| 24:04 | Create | Villager (Male) |
| 24:05 | Create | Villager (Male) |
| 24:15 | Build | Dock |
| 24:18 | Build | Dock |
| 24:37 | Create | Villager (Male) |
Build order — dauz.ve
First 150 of 295 actions detected
| 0:04 | Create | Villager (Male) |
| 0:04 | Create | Villager (Male) |
| 0:04 | Create | Villager (Male) |
| 0:04 | Create | Villager (Male) |
| 0:21 | Build | House |
| 0:34 | Build | Dock |
| 0:51 | Create | Villager (Male) |
| 0:59 | Build | Mill |
| 1:02 | Build | House |
| 1:18 | Create | Spearman |
| 1:23 | Build | Farm |
| 1:31 | Research | Fletching |
| 1:35 | Build | Archery Range |
| 1:44 | Create | Villager (Male) |
| 2:01 | Create | Demolition Raft |
| 2:32 | Build | Stable |
| 2:36 | Create | Villager (Male) |
| 2:45 | Research | Double-Bit Axe |
| 3:00 | Create | Villager (Male) |
| 3:13 | Create | Fishing Ship |
| 3:27 | Create | Villager (Male) |
| 3:31 | Build | House |
| 3:32 | Create | Scout Cavalry |
| 3:34 | Create | Skirmisher |
| 3:41 | Create | Fishing Ship |
| 3:45 | Create | Villager (Male) |
| 4:01 | Create | Scout Cavalry |
| 4:04 | Create | Skirmisher |
| 4:13 | Build | Market |
| 4:18 | Create | Villager (Male) |
| 4:24 | Create | Skirmisher |
| 4:25 | Create | Scout Cavalry |
| 4:32 | Create | Fishing Ship |
| 4:43 | Build | House |
| 4:46 | Create | Villager (Male) |
| 4:48 | Create | Scout Cavalry |
| 4:50 | Create | Skirmisher |
| 4:55 | Build | House |
| 5:11 | Research | Horse Collar |
| 5:21 | Build | Farm |
| 5:27 | Create | Scout Cavalry |
| 5:28 | Create | Skirmisher |
| 5:49 | Build | House |
| 5:50 | Create | Villager (Male) |
| 5:55 | Build | Farm |
| 5:56 | Build | Farm |
| 6:01 | Build | Farm |
| 6:06 | Build | Farm |
| 6:07 | Build | Farm |
| 6:08 | Build | Farm |
| 6:09 | Build | Farm |
| 6:22 | Build | Farm |
| 6:26 | Create | Villager (Male) |
| 6:59 | Build | House |
| 7:02 | Create | Villager (Male) |
| 7:15 | Build | Farm |
| 7:23 | Build | Farm |
| 8:01 | Research | Castle Age |
| 8:08 | Build | House |
| 8:10 | Research | Bloodlines |
| 8:12 | Create | Skirmisher |
| 8:12 | Create | Skirmisher |
| 8:13 | Create | Skirmisher |
| 8:35 | Create | Fire Galley |
| 8:35 | Create | Fire Galley |
| 8:41 | Build | Farm |
| 10:03 | Research | Scale Barding Armor |
| 10:09 | Build | Stable |
| 10:13 | Build | Archery Range |
| 10:22 | Create | Fire Galley |
| 10:41 | Age | Castle Age |
| 10:50 | Create | Villager (Male) |
| 10:50 | Create | Villager (Male) |
| 10:51 | Create | Villager (Male) |
| 10:55 | Create | Knight |
| 10:55 | Create | Knight |
| 10:56 | Create | Knight |
| 10:58 | Create | Cavalry Archer |
| 10:58 | Create | Cavalry Archer |
| 11:03 | Build | Town Center |
| 11:30 | Research | War Galley (upgrade) |
| 11:51 | Build | Mining Camp |
| 11:53 | Create | Villager (Male) |
| 11:53 | Create | Villager (Male) |
| 12:00 | Create | Fire Galley |
| 12:00 | Create | Fire Galley |
| 12:10 | Create | Villager (Male) |
| 12:14 | Research | Heavy Plow |
| 12:17 | Research | Bow Saw |
| 12:26 | Create | Scout Cavalry |
| 12:29 | Create | Knight |
| 12:29 | Create | Knight |
| 12:36 | Create | Villager (Male) |
| 12:36 | Create | Villager (Male) |
| 12:37 | Create | Villager (Male) |
| 13:01 | Create | Fire Galley |
| 13:20 | Create | Villager (Male) |
| 13:22 | Build | House |
| 13:24 | Build | House |
| 13:27 | Create | Villager (Male) |
| 13:27 | Create | Villager (Male) |
| 13:28 | Create | Villager (Male) |
| 13:33 | Build | Farm |
| 13:37 | Create | Knight |
| 13:38 | Create | Knight |
| 13:38 | Create | Knight |
| 13:56 | Research | Bodkin Arrow |
| 14:01 | Create | Villager (Male) |
| 14:05 | Build | Mining Camp |
| 14:11 | Build | Farm |
| 14:14 | Create | Villager (Male) |
| 14:18 | Create | Fire Galley |
| 14:24 | Build | Farm |
| 14:30 | Build | Lumber Camp |
| 14:33 | Create | Villager (Male) |
| 14:37 | Create | Cavalry Archer |
| 14:38 | Create | Cavalry Archer |
| 14:47 | Build | Farm |
| 14:48 | Create | Villager (Male) |
| 14:51 | Build | Farm |
| 14:53 | Create | Villager (Male) |
| 14:54 | Create | Villager (Male) |
| 14:58 | Create | Cavalry Archer |
| 14:59 | Create | Cavalry Archer |
| 15:09 | Create | Villager (Male) |
| 15:17 | Build | Farm |
| 15:22 | Create | Fire Galley |
| 15:25 | Create | Cavalry Archer |
| 15:26 | Create | Cavalry Archer |
| 15:26 | Create | Cavalry Archer |
| 15:31 | Research | Husbandry |
| 15:43 | Build | Farm |
| 16:23 | Create | Villager (Male) |
| 16:23 | Create | Villager (Male) |
| 16:26 | Create | Villager (Male) |
| 16:26 | Create | Villager (Male) |
| 16:29 | Build | University |
| 16:44 | Create | Villager (Male) |
| 16:46 | Create | Villager (Male) |
| 16:50 | Research | Chain Barding Armor |
| 17:16 | Build | Monastery |
| 17:19 | Build | Farm |
| 17:20 | Create | Villager (Male) |
| 17:45 | Build | Farm |
| 17:46 | Create | Villager (Male) |
| 17:48 | Create | Villager (Male) |
| 17:55 | Build | Farm |
| 17:57 | Research | Ballistics |
| 18:01 | Research | Padded Archer Armor |
| 18:04 | Research | Forging |
Match timeline
| 0:34 | dauz.ve · first_building Dock |
| 1:35 | dauz.ve · first_building Archery Range |
| 2:32 | dauz.ve · first_building Stable |
| 2:47 | Matticus · first_building Dock |
| 3:37 | Matticus · first_building Archery Range |
| 4:58 | Matticus · wall_segment Stone Wall x9 |
| 8:18 | Matticus · first_building Barracks |
| 8:31 | dauz.ve · first_market_sell 100 wood |
| 9:09 | Matticus · wall_segment Stone Wall x19 |
| 9:11 | Matticus · age_up castle |
| 10:41 | dauz.ve · age_up castle |
| 11:49 | Matticus · wall_segment Stone Wall x1 |
| 15:12 | Matticus · wall_segment Stone Wall x9 |
| 15:41 | Matticus · first_building Monastery |
| 16:10 | Matticus · wall_segment Stone Wall x9 |
| 16:42 | Matticus · wall_segment Stone Wall x1 |
| 17:16 | dauz.ve · first_building Monastery |
| 18:59 | dauz.ve · first_building Castle |
| 23:53 | dauz.ve · first_market_buy 100 stone |
| 25:26 | dauz.ve · age_up imperial |
| 28:52 | Matticus · first_building Castle |
| 29:42 | Matticus · age_up imperial |
| 35:38 | Matticus · resign |
[ AI ANALYSIS · 1 CREDIT ]
What really happened in this match?
Wolo.gg analyzes every decision: build order, eco, micro, common mistakes by bracket. Personalized analysis on WhatsApp or Discord in 30 seconds.
Civ guide
Vikings
Map guide
Loch Ness
Perfil
Matticus